 Dungeon Crawl Stone Soup version 0.31-a0-187-gba352fbbf7 (webtiles) character file.

Game seed: 8309227442138758197

57 qw the Shooter (level 3, 0/20 HPs)
             Began as a Deep Elf Hunter on June 22, 2023.
             Succumbed to an adder's poison
             ... on level 2 of the Dungeon.
             The game lasted 00:00:23 (990 turns).

qw the Shooter (Deep Elf Hunter)                     Turns: 990, Time: 00:00:24

Health: 0/20       AC:  3    Str: 10    XL:     3   Next: 73%
Magic:  5/5        EV: 12    Int: 13    God:
Gold:   53         SH:  0    Dex: 18    Spells: 2/2 levels left

rFire   . . .        Y - +0 shortbow
rCold   . . .        (shield currently unavailable)
rNeg    . . .        c - +0 leather armour
rPois   .            (no helmet)
rElec   .            (no cloak)
rCorr   .            (no gloves)
SInv    .            (no boots)
Will    .....        (no amulet)
Stlth   ++           (no ring)
HPRegen 0.23/turn    (no ring)
MPRegen 0.09/turn

%: no passive effects
@: lethally poisoned (0 -> -7)
A: no striking features
a: no special abilities


You were on level 2 of the Dungeon.
You visited 1 branch of the dungeon, and saw 2 of its levels.

You collected 53 gold pieces.


   Skills:
 - Level 1.5 Fighting
 + Level 7.2 Ranged Weapons
 - Level 2.4 Dodging
 - Level 1.2 Stealth


You had 2 spell levels left.
You didn't know any spells.
Your spell library was empty.

Inventory:

Hand Weapons
 Y - a +0 shortbow (weapon)
Armour
 c - a +0 leather armour (worn)
Jewellery
 g - a ring of magical power
 h - an amulet of guardian spirit
Scrolls
 b - a scroll of fear {unknown}
 e - a scroll of enchant weapon {unknown}
 f - a scroll of revelation {unknown}
Potions
 a - a potion of attraction {unknown}
 d - a potion of curing {unknown}

Dungeon Overview and Level Annotations

Branches:
Dungeon (2/15)

Altars:


Message History

The adder closely misses you. The adder bites you but does no damage.
You shoot an arrow. The arrow misses the adder.
The adder closely misses you. The adder bites you but does no damage.
You shoot an arrow.
The arrow hits the adder but does no damage.
The adder is severely wounded.
The adder closely misses you. The adder bites you.
You shoot an arrow. The arrow hits the adder.
The adder is almost dead.
The adder bites you. x2; The adder bites you but does no damage.
The adder closely misses you.
You shoot an arrow.
The arrow hits the adder but does no damage.
The adder is almost dead.
The adder bites you but does no damage. x2; The adder misses you.
The adder closely misses you.
You shoot an arrow. The arrow misses the adder.
The adder bites you but does no damage. The adder closely misses you.
You shoot an arrow.
The arrow hits the adder but does no damage.
The adder is almost dead.
The adder bites you. The adder barely misses you. The adder closely misses you.
You shoot an arrow. The arrow hits the adder!
You kill the adder!
The adder bites you.
You are poisoned.
The adder poisons you!
You shoot an arrow. The arrow hits the adder.
The adder is moderately wounded.
You feel sick. The adder barely misses you.
You shoot an arrow. The arrow hits the adder.
The adder is heavily wounded.
You feel sick. The adder bites you but does no damage.
The adder closely misses you.
You shoot an arrow. The arrow closely misses the adder.
You feel sick. The adder bites you.
You are lethally poisoned!
The adder poisons you!
You shoot an arrow. The arrow closely misses the adder.
You die...

#..........#
#........$..
#..........#
#...........
#..........# #
+...........
#..##..........#
#.......@S....#
#...##..#######
...###..#
........#
........######.#
#######........#
.........#######
#######.[##
#...##


You could see an adder.

Vanquished Creatures
  An adder (D:2)
  A dart slug (D:1)
  A ball python (D:1)
  3 endoplasms (D:1)
  A giant cockroach (D:1)
  9 goblins (D:1)
  5 hobgoblins (D:1)
  4 jackals (D:2)
  2 quokkas (D:1)
  3 bats
  2 frilled lizards (D:1)
  6 kobolds (D:1)
  2 rats (D:2)
40 creatures vanquished.

Notes
Turn   | Place    | Note
-------+----------+-------------------------------------------
     0 | D:1      | qw the Deep Elf Hunter began the quest for the Orb.
     0 | D:1      | Reached XP level 1. HP: 12/12 MP: 3/3
     0 | D:1      | 0 ||| qw: Version: 0.3-a-9-g12657ce
     0 | D:1      | 0 ||| qw: Game counter: 2230
     0 | D:1      | 0 ||| qw: Always use a shield: true
     0 | D:1      | 0 ||| qw: God list: Okawaru
     0 | D:1      | 0 ||| qw: Allow faded altars: false
     0 | D:1      | 0 ||| qw: Do Orc after D:15 true
     0 | D:1      | 0 ||| qw: Do second Lair branch before Depths: true
     0 | D:1      | 0 ||| qw: Lair rune preference: random
     0 | D:1      | 0 ||| qw: Plans: Normal
     0 | D:1      | 0 ||| PLANNING D:1-11
    76 | D:1      | Reached XP level 2. HP: 16/16 MP: 4/4
    80 | D:1      | Reached skill level 6 in Ranged Weapons
   331 | D:1      | Reached XP level 3. HP: 20/20 MP: 5/5
   709 | D:1      | 709 ||| READING scroll labelled BORAMU DOUSO.
   710 | D:1      | 710 ||| READING scroll labelled EPLUSA ODGHA.
   714 | D:1      | 714 ||| READING scroll labelled GUNAOS VIDOFOO.
   715 | D:1      | 715 ||| READING scroll labelled KEEPRI GURA.
   716 | D:1      | 716 ||| DROPPING scroll of butterflies.
   906 | D:2      | Reached skill level 7 in Ranged Weapons
   989 | D:2      | HP: 5/20 [poisoned by an adder]
   989 | D:2      | HP: 2/20 [adder (3)]
   990 | D:2      | Succumbed to an adder's poison

Levels and vault maps discovered:
D:1:      dpeg_arrival_morbid_curiosity, layout_basic
D:2:      layout_basic, st_stairs_9

Skill      XL: |  1  2  3 |
---------------+----------+-----
Ranged Weapons | 6 7 |  7.2
Fighting       | |  1.5
Dodging        | |  2.4
Stealth        | |  1.2

Action                     || total
---------------------------++-------
   Fire: Shortbow          ||   100
    Use: Scroll            ||     4
 Armour: Leather armour    ||    14
  Dodge: Dodged            ||    28

Table legend:
 A = Non-vault XP
 B = Vault XP
 C = Vault XP percentage of total XP
 D = Non-vault monster count
 E = Vault monster count
 F = Vault count percentage of total count
                 A         B        C        D         E       F
            +---------+---------+-------+---------+---------+-------
      Total |      60 |      22 |  26.8 |      34 |       6 |  15.0
            +---------+---------+-------+---------+---------+-------
        D:1 |      48 |       9 |  15.8 |      27 |       5 |  15.6
        D:2 |      12 |      13 |  52.0 |       7 |       1 |  12.5
            +---------+---------+-------+---------+---------+-------
